 Dungeon Crawl Stone Soup version 0.30-a0-12-gd8047c6341 (webtiles) character file.

Game seed: 1223527627301050327

42 ytrimaz the Insei (level 4, -2/35 HPs)
             Began as a Meteoran Transmuter on Aug 23, 2022.
             Slain by a gnoll
             ... wielding a +0 spear
              (4 damage)
             ... on level 2 of the Dungeon.
             The game lasted 00:01:55 (802 turns).

ytrimaz the Insei (Meteoran Transmuter)              Turns: 802, Time: 00:01:55

Health: -2/35      AC:  2    Str: 11    XL:     4   Next: 5%
Magic:  9/9        EV: 12    Int: 16    God:
Gold:   80         SH:  0    Dex: 15    Spells: 5/8 levels left

rFire   . . .      SeeInvis .      - Unarmed
rCold   . . .      Faith    .    (no shield)
rNeg    . . .      Spirit   .    a - +0 robe
rPois   .          Reflect  .    (helmet currently unavailable)
rElec   .          Harm     .    (no cloak)
rCorr   .          Rampage  .    (no gloves)
Will    .....                    (boots currently unavailable)
Stlth   +.........               (no amulet)
HPRegen 0.11/turn                (no ring)
MPRegen 0.11/turn                (no ring)

@: appendages, glowing
A: horns 2, talons 2, sense surroundings 1, otherworldly, glowing, explore regen
a: End Transformation


You were on level 2 of the Dungeon.
You had temporarily grown beastly horns and talons.
You visited 1 branch of the dungeon, and saw 2 of its levels.

You collected 80 gold pieces.

Inventory:

Armour
 a - a +0 robe (worn)
 c - a +0 plate armour
Scrolls
 f - a scroll of amnesia
 h - a scroll of vulnerability
 j - a scroll of poison
 k - a scroll of blinking {unknown}
Potions
 b - a potion of lignification
 d - a potion of berserk rage {unknown}
 e - a potion of mutation
 g - a potion of curing {unknown}
 l - a potion of flight {unknown}


   Skills:
 - Level 1.1 Fighting
 * Level 1.5 Armour
 - Level 2.4 Dodging
 + Level 5.0 Unarmed Combat
 - Level 2.6 Spellcasting
 - Level 2.4 Transmutations


You had 5 spell levels left.
You knew the following spells:

 Your Spells              Type           Power      Damage    Failure   Level
a - Beastly Appendage     Tmut           18%        N/A       7%          1
b - Wereblood             Tmut           9%         N/A       11%         2

Your spell library contained the following spells:

 Spells                   Type           Power      Damage    Failure   Level
 Spider Form              Tmut/Pois      6%         N/A       34%         3
 Ice Form                 Ice/Tmut       6%         N/A       75%         4


Dungeon Overview and Level Annotations

Branches:
Dungeon (2/15) Zot: 404

Altars:


Innate Abilities, Weirdness & Mutations

You have temporarily grown beastly horns and talons.
You passively map a small area around you.
You are easily found by Zot.
You glow in the dark.
You regain HP and MP as you explore.


Message History

Magic restored.
Your horns disappear.
Your talons disappear.
You open the door.
There is an open door here.
You open the large door.
There is a large open door here.
There is a large open door here.
There is a large open door here.
There is a large open door here.
A gnoll comes into view. It is wielding a +0 flail.
The gnoll shouts!
A gnoll is nearby!
A gnoll is nearby!
A gnoll is nearby!
A gnoll comes into view. It is wielding a +0 spear.
You grow a pair of large bovine horns.
Your feet morph into talons.
The gnoll shouts!
You hit the gnoll. You claw the gnoll.
The gnoll is heavily wounded.
The gnoll hits you with a +0 flail!
The gnoll hits you from afar with a +0 spear.
A gnoll comes into view. It is wielding a +0 flail.
The gnoll hits you with a +0 spear.
The gnoll shouts!
You punch the gnoll! Your kick misses the gnoll.
Your headbutt misses the gnoll.
The gnoll is almost dead.
The gnoll hits you with a +0 flail. The gnoll hits you with a +0 spear.
* * * LOW HITPOINT WARNING * * *
You hit the gnoll but do no damage. Your kick misses the gnoll.
You headbutt the gnoll.
The gnoll is moderately wounded.
The gnoll barely misses you. The gnoll hits you with a +0 spear.
* * * LOW HITPOINT WARNING * * *
You are too injured to fight recklessly!
You barely miss the gnoll. You claw the gnoll, but do no damage.
You headbutt the gnoll.
The gnoll is severely wounded.
The gnoll closely misses you. The gnoll hits you with a +0 spear.
You die...

##..#####.####### * * ,
..>........^..... ,
.....####'######*## *
####.#......# .. *
####.#......# *.#* # ,
..........).# .##.#
######......#####....# *
, #.....<......##.#.#
#.........g@g......
######......#####g##.###
#...##......# .#
#...##......#####.#
+...''......'...#.# ,
#...##..<...###.#.#
#...##..>...# #.#.#*
#...##......# #.#.# ,
#...##......# #.# ,


You could see 3 gnolls.

Vanquished Creatures
  A worm (D:2)
  5 ball pythons (D:1)
  A bat (D:1)
  4 endoplasms
  A giant cockroach (D:1)
  3 goblins
  5 hobgoblins (D:1)
  5 jackals (D:1)
  3 kobolds (D:1)
  2 frilled lizards (D:2)
  2 rats
32 creatures vanquished.

Notes
Turn   | Place    | Note
-------+----------+-------------------------------------------
     0 | D:1      | ytrimaz the Meteoran Transmuter began the quest for the
                  | Orb.
     0 | D:1      | Reached XP level 1. HP: 16/16 MP: 5/5
   125 | D:1      | Reached skill level 4 in Unarmed Combat
   125 | D:1      | Reached XP level 2. HP: 17/23 MP: 6/6
   279 | D:1      | Reached skill level 1 in Armour
   299 | D:1      | Found a faded altar of an unknown god.
   316 | D:1      | Reached XP level 3. HP: 26/28 MP: 8/8
   440 | D:1      | Learned a level 2 spell: Wereblood
   505 | D:1      | Glimpsed the power of Zot.
   565 | D:2      | Reached skill level 5 in Unarmed Combat
   576 | D:2      | Reached XP level 4. HP: 25/35 MP: 9/9
   802 | D:2      | Slain by a gnoll

Illustrated notes

Levels and vault maps discovered:
D:1:      amcnicky_arrival_feature_with_door, layout_loops_ring, serial_shops,
          shop, shapermc_ecumenical_altar_acropolis, minmay_misc_feat_plants
D:2:      layout_basic

Skill      XL: |  1  2  3 |
---------------+----------+-----
Unarmed Combat | 4 5 |  5.0
Armour         | 1 |  1.5
Fighting       | |  1.1
Dodging        | |  2.4
Spellcasting   | |  2.6
Transmutations | |  2.4

Action                   |  1- 3 |  4- 6 || total
-------------------------+-------+-------++-------
Melee: Unarmed           |    84 |     6 ||    90
       Kick              |     6 |     3 ||     9
       Headbutt          |     4 |     2 ||     6
       Punch             |     1 |       ||     1
 Cast: Beastly Appendage |     8 |     2 ||    10
  Use: Scroll            |     3 |     1 ||     4
Armor: Plate armour      |    20 |       ||    20
       Robe              |    12 |       ||    12
Dodge: Dodged            |    43 |     5 ||    48

Table legend: (Time is in decaauts)
 A = Elapsed time spent in this place.
 B = Non-inter-level travel time spent in this place.
 C = Inter-level travel time spent in this place.
 D = Time resting spent in this place.
 E = Time spent auto-exploring this place.
 F = Levels seen in this place.
 G = Mean time per level.
                   A        B        C        D        E       F      G
               +--------+--------+--------+--------+--------+-----+--------+
         Total |    794 |    781 |     13 |      0 |    532 |   2 |  397.0 |
       Dungeon |    794 |    781 |     13 |      0 |    532 |   2 |  397.0 |
               +--------+--------+--------+--------+--------+-----+--------+

Top non-repeatable levels by time:
     D:1: 514 daAuts
     D:2: 279 daAuts
